AoeStats
← andonijodargutierrez

Arena

510203791Analyzed
1v1 RM · 2d ago on Sep 29, 2026· 57m 43s· 2 players
Game mode
Random Map
Map size
Tiny (2 player)
Population
200
Speed
Normal
Resources
Standard
Victory
Conquest
Starting age
Dark Age
Ending age
Imperial Age
RankedLock teamsTeams togetherTeam positionsShared explorationLock speedFull tech treeHidden civsTurbo modeCheats
Victory
Defeat
🇨🇱 Franks · Chile
572
+13
🇪🇸 Teutons · Spain
508
-13
andonijodargutierrez
0:56 Loom
13:53 Feudal Age
13:58 Man-at-Arms
14:23 Arson
16:39 Horse Collar
17:14 Town Watch
19:49 Gold Mining
22:17 Stone Mining
22:50 Double-Bit Axe
25:17 Wheelbarrow
26:37 Scale Mail Armor
26:44 Scale Barding Armor
26:50 Forging
26:43 Padded Archer Armor
26:49 Fletching
30:19 Castle Age
31:53 Bow Saw
32:40 Stone Shaft Mining
32:11 Heavy Plow
32:24 Town Patrol
33:30 Squires
33:18 Gambesons
32:55 Long Swordsman
32:55 Pikeman
34:19 Bodkin Arrow
36:09 Chain Mail Armor
40:08 Leather Archer Armor
41:54 Chain Barding Armor
42:10 Iron Casting
42:44 Hand Cart
Mati
11:45 Feudal Age
12:31 Double-Bit Axe
13:26 Wheelbarrow
12:40 Town Watch
15:13 Gold Mining
15:13 Stone Mining
19:36 Castle Age
19:47 Man-at-Arms
20:19 Arson
21:42 Bow Saw
24:37 Gold Shaft Mining
25:15 Ballistics
24:36 Treadmill Crane
26:19 Hand Cart
26:51 Fletching
27:01 Padded Archer Armor
28:58 Scale Barding Armor
29:09 Leather Archer Armor
28:49 Bodkin Arrow
29:00 Scale Mail Armor
31:53 Town Patrol
33:09 Ordonnance Companies
37:33 Imperial Age
36:55 Chain Barding Armor
36:31 Bodkin Arrow
36:46 Forging
36:52 Chain Mail Armor
37:59 Capped Ram
38:09 Cranequins
40:24 Heavy Mounted Crossbowman
41:20 Gambesons
40:55 Long Swordsman
41:38 Squires
41:24 Arson
44:18 Conscription
43:38 Two-Handed Swordsman
46:10 Chemistry
45:21 Fortified Wall
45:01 Guard Tower
46:49 Masonry
46:13 Elite Throwing Axeman
48:30 Theocracy
48:15 Chivalry
48:19 Husbandry
47:40 Cavalier
49:26 Paladin
51:51 Iron Casting
56:04 Blast Furnace
55:40 Plate Barding Armor
56:48 Architecture
Connection lost

Rejoining the realm…

Still unreachable

The connection could not be restored.

Session expired

The server has moved on; the page needs a fresh start.